[Event "13th KIIT Festival-A 2022"]
[Site "Bhubaneswar"]
[Date "2022.05.24"]
[Round "4.4"]
[White "Konguvel, Ponnuswamy"]
[Black "Aleksandrov, Aleksej"]
[Result "0-1"]
[ECO "C67"]
[WhiteElo "2331"]
[BlackElo "2492"]
[Annotator "TA"]
[PlyCount "60"]
[EventDate "2022.05.15"]
[EventType "swiss"]
[EventCountry "IND"]
[SourceTitle "playchess.com"]
[Source "ChessBase"]
[SourceQuality "1"]
[TimeControl "5400+30"]

1. e4 e5 2. Nf3 Nc6 3. Bb5 Nf6 4. O-O Nxe4 5. d4 Nd6 6. Bxc6 dxc6 7. dxe5 Nf5 8. Qxd8+ Kxd8 9. h3 Bd7 10. Nc3 h6 11. b3 Kc8 12. Bb2 Ne7 13. Rad1 Ng6 14. Ne2 {[%emt 0:14:33] C67: Ruy Lopez: Berlin Defence: 4 0-0 Nxe4.} (14. Rd2 $5 Be7 15. Rfd1 $14) 14... a5 {[%emt 0:06:35] [#]} 15. Rd2 $146 {[%emt 0:02:33] Hoping for Rfd1.} ({Predecessor:} 15. a4 b6 16. Nd2 h5 17. Ne4 h4 18. Ng5 Be7 19. f4 Rf8 20. Nf3 c5 21. Rxd7 Kxd7 {½-½ (31) Aagaard,J (2449)-Hansen,C (2633) Koge 2005}) 15... Bb4 16. Bc3 {[%emt 0:20:20] [#]} (16. c3 $11 Be7 17. Rfd1) 16... c5 $1 $17 17. a3 Bxc3 18. Nxc3 Bc6 19. Nd5 (19. Re1 $17) 19... a4 $19 20. b4 cxb4 21. axb4 Rd8 22. c4 b5 23. Rfd1 Kb7 24. cxb5 $2 (24. Nc3 {was worth a try.} Bxf3 25. Rxd8 Bxd1 26. Rxd1) 24... Bxd5 {[%emt 0:01:07] Black is clearly winning.} 25. Rxd5 Rxd5 26. Rxd5 {[%emt 0:00:04] KRN-KRN} a3 {[%emt 0:00:18][%cal Ba4a3,Ba3a2][%mdl 32] [#] White must now prevent ...a2.} 27. Rd1 a2 28. Ra1 Kb6 29. Nd4 Nxe5 30. Kf1 Nd3 {[%emt 0:00:37] White did not feel at home in the position after the opening.  Weighted Error Value: White=0.66/Black=0.05 (flawless)} 0-1

[Event "13th KIIT Festival-A 2022"]
[Site "Bhubaneswar"]
[Date "2022.05.24"]
[Round "4.5"]
[White "Nikitenko, Mihail"]
[Black "Nitin, S.."]
[Result "0-1"]
[ECO "B90"]
[WhiteElo "2479"]
[BlackElo "2399"]
[Annotator "TA"]
[PlyCount "106"]
[EventDate "2022.05.15"]
[EventType "swiss"]
[EventCountry "IND"]
[SourceTitle "playchess.com"]
[Source "ChessBase"]
[SourceQuality "1"]
[TimeControl "5400+30"]

1. e4 c5 2. Nf3 d6 3. d4 cxd4 4. Nxd4 Nf6 5. Nc3 a6 6. Nb3 e6 {[%emt 0:00:44] B90: Sicilian Najdorf: Unusual White 6th moves, 6 Be3 Ng4 and 6 Be3 e5.} 7. g4 b5 8. Bg2 Bb7 {[%emt 0:00:25] The position is equal.} 9. g5 Nfd7 (9... b4 $5 ) 10. Be3 Nc6 11. Qe2 Nce5 12. a3 {[%emt 0:00:27] [#]} Nc4 $146 ({Predecessor:} 12... Be7 13. O-O-O Nc4 14. f4 Rc8 15. Rd3 Nxe3 16. Qxe3 Ne5 17. Rdd1 Nc4 18. Qh3 O-O {1-0 (32) Nikitenko,M (2479)-Sychev,K (2537) Sochi 2022}) 13. O-O-O Rc8 14. f4 {[%emt 0:03:27] [#]} Nxa3 $1 15. bxa3 Rxc3 16. Bd2 Rc8 (16... Rc4 $11) 17. Ba5 $14 Qe7 18. Rd3 e5 19. Rhd1 $1 {[%emt 0:02:01] Black should prevent Bh3.} exf4 {[%emt 0:02:54] ...Ne5 is the strong threat.} 20. Bh3 Qxg5 $2 (20... Rc4 $1 $11 {and Black stays safe.} 21. Rxd6 Qxd6 22. Rxd6 Bxd6) 21. Qd2 $2 ({White has to play} 21. Bxd7+ $18 Kxd7 22. Qf2 f3+ 23. Kb1) 21... Qh6 (21... Bxe4 $2 22. Bxd7+ Kxd7 23. Rxd6+ Ke7 24. Bd8+ Rxd8 25. Rxd8 $18) (21... Ne5 $17 22. Rxd6 Bxd6 23. Qxd6 f3+ 24. Kb1 Qe7 $1 25. Bxc8 Qxd6 26. Rxd6 Ke7 27. Bxb7 Kxd6) 22. Bb4 (22. Kb1 $5 f3 23. Qxh6 gxh6 24. Rxf3 $17) 22... Ne5 23. Bxc8 Bxc8 (23... Nxd3+ 24. Qxd3 Bxc8 25. e5 $15) 24. Rc3 Nc4 25. Qd5 Qe6 (25... Qxh2 $2 26. Qa8 f6 27. Qxc8+ Kf7 28. Qd7+ Be7 29. Nd4 $18) 26. Na5 ({Much weaker is} 26. Qc6+ Qd7 27. Qxd7+ Bxd7 $15) 26... Be7 27. Nxc4 bxc4 28. Qc6+ Bd7 29. Qxc4 O-O (29... Qxc4 $11 30. Rxc4 Bg4) 30. Qxe6 Bxe6 31. e5 g5 $2 (31... Bg5 $11 {and Black is okay.}) 32. exd6 $18 Bf6 {[%emt 0:00:07] [#]} 33. Rcd3 (33. d7 $1 $18 Bxd7 34. Rxd7 Bxc3 35. Bxc3) 33... Bd7 $16 34. Bc3 Bd8 35. Rd5 f5 36. Ba5 $36 {[%emt 0:02:46][%mdl 2048] White has good play.} Bf6 37. Rc5 f3 38. c4 (38. Rc7 $14 {stays ahead.} Rf7 39. Bb6) 38... f4 (38... g4 $17) 39. Rc7 Bh3 (39... Ba4 $11 40. d7 g4) 40. Be1 $1 {[%emt 0:00:10] Black must now prevent d7.} Rb8 $2 (40... Bd8 $1 $14) 41. d7 $1 $18 {[%emt 0:05:46] aiming for Bf2.} Bf5 {[%emt 0:02:40] [#] ( -> ...Rb1+)} ({Less strong is} 41... Bb2+ 42. Kc2 Bf6 43. Rd5) 42. Bb4 $2 ({Better is} 42. Rd3 $1 $18 ) 42... f2 $1 $15 {[%emt 0:00:33] Threatens to win with ...g4.} 43. Rc5 $2 {[%emt 0:06:42] [#]} (43. Rf1 $1 $15 a5 44. Rc8+ Rxc8 45. dxc8=B Bxc8 46. Bc5) 43... Bxd7 $1 $19 44. Rf1 h6 (44... Bd4 $1 $19 45. Rxg5+ Kf7) 45. Rd5 $17 {[%emt 0:00:40] [#]} ({But not} 45. Rc7 $2 Bf5 46. Rc5 Bd3 47. Rxf2 Bd4 $19) 45... Be6 46. Rd6 Bxc4 {[%emt 0:01:11] Black is more active.} 47. Rxf2 {[%emt 0:00:02] [#]} Kf7 48. Rc2 Rc8 49. Bc3 (49. Rb6 $17) 49... Be7 $19 {[%emt 0:00:09] A strong pair of Bishops.} 50. Rxh6 (50. Rd7 {is more resistant.} Be6 51. Ra7) 50... Bd3 {[%emt 0:00:09] Black is clearly winning.} 51. Kd2 Bxc2 52. Kxc2 f3 53. Rh7+ Ke6 {[%emt 0:00:19] Weighted Error Value: White=0.59/Black=0.39} 0-1

[Event "13th KIIT Festival-A 2022"]
[Site "Bhubaneswar"]
[Date "2022.05.24"]
[Round "4.6"]
[White "Mirzoev, Azer"]
[Black "Rohith Krishna S"]
[Result "1/2-1/2"]
[ECO "E14"]
[WhiteElo "2476"]
[BlackElo "2337"]
[Annotator "TA"]
[PlyCount "90"]
[EventDate "2022.05.15"]
[EventType "swiss"]
[EventCountry "IND"]
[SourceTitle "playchess.com"]
[Source "ChessBase"]
[SourceQuality "1"]
[TimeControl "5400+30"]

1. d4 Nf6 2. Nf3 e6 3. c4 d5 4. e3 Be7 5. Nbd2 O-O 6. b3 b6 7. Bb2 Bb7 8. Bd3 Nbd7 9. O-O c5 10. Qe2 Rc8 {[%emt 0:04:17] E14: Queen's Indian: Classical Variation (4 e3).} 11. Rac1 Rc7 12. Rfd1 Qa8 13. cxd5 Nxd5 14. Bb1 {[%emt 0:00:29] [#]} cxd4 $146 {[%emt 0:08:51] The position is equal.} ({Predecessor:} 14... Rfc8 15. Nc4 N5f6 16. dxc5 Rxc5 17. Kh1 Nf8 18. Nce5 Ne4 19. Rxc5 Rxc5 20. Kg1 Nc3 21. Bxc3 Rxc3 {0-1 (35) Nugumanov,B (2323)-Aleksandrov,A (2607) Pavlodar 2012}) 15. Rxc7 Nxc7 16. Bxd4 Rd8 17. h3 Nf8 18. Bb2 f6 19. Rc1 Rd7 20. Qc4 Nd5 21. Qg4 Rc7 22. Rxc7 Nxc7 23. Nd4 Qc8 24. Be4 Bxe4 25. Qxe4 Nd5 26. N2f3 Qd7 27. a3 Bd6 28. b4 Kf7 29. Qc2 Ne7 30. Qc4 Ke8 31. Nd2 Bb8 32. Qc2 Qc7 33. Qa4+ Qd7 34. Qd1 Qc7 35. N4f3 {[%emt 0:00:00] Prevents Qh2+.} Qc6 36. Qb1 Nc8 37. Nd4 Qd5 38. Qc2 Ne7 39. g3 (39. Nc4 {keeps more tension.} e5 40. Ne2 Ne6 41. a4) 39... Qd7 40. h4 $1 $36 {[%emt 0:00:00][%mdl 2048] White has the initiative.} e5 41. N4f3 Qc6 42. Qb3 Qd5 43. Qc2 Qc6 44. Qb3 Qd5 45. Qc2 Qc6 {[%emt 0:00:04] An interesting draw.  Weighted Error Value: White=0.06 (flawless) /Black=0.06 (flawless)} 1/2-1/2

[Event "13th KIIT Festival-A 2022"]
[Site "Bhubaneswar"]
[Date "2022.05.24"]
[Round "4.7"]
[White "Krishnan Ritvik"]
[Black "Stupak, Kirill"]
[Result "0-1"]
[ECO "B12"]
[WhiteElo "2023"]
[BlackElo "2440"]
[Annotator "TA"]
[PlyCount "128"]
[EventDate "2022.05.15"]
[EventType "swiss"]
[EventCountry "IND"]
[SourceTitle "playchess.com"]
[Source "ChessBase"]
[SourceQuality "1"]
[TimeControl "5400+30"]

1. e4 c6 2. d4 d5 3. Nd2 g6 4. Ngf3 Bg7 5. c3 Nh6 6. Bd3 O-O {[%emt 0:00:46] B12: Caro-Kann: Advance Variation.} 7. h3 (7. O-O $16) 7... f6 $11 8. O-O e5 {[%emt 0:02:16] The position is equal.} 9. Re1 {[%emt 0:08:37] Threatening exd5.} Nf7 10. dxe5 fxe5 11. b3 {[%emt 0:00:51] [#]} Re8 $146 ({Predecessor:} 11... Nd7 12. Ba3 Re8 13. Nf1 Nf8 14. Qc2 Qa5 15. Bb2 Be6 16. Ne3 Rad8 17. Nd2 Rd7 {1-0 (42) Pulik,K (2137)-Sopur,L (2419) Jastrzebia Gora 2015}) 12. a4 Be6 13. Ba3 Nd7 14. Qe2 Nf6 15. Kh2 Qc7 16. c4 d4 17. c5 Nd7 18. Rac1 a5 19. Bc4 Nf8 20. Red1 $1 Bxc4 21. Nxc4 Ne6 22. Ne1 Nf4 23. Qf1 Ng5 24. Nd6 Rf8 25. Qc4+ Kh8 26. h4 Nf7 27. g3 Nh5 $36 {[%emt 0:01:33][%mdl 2048] Hoping for ...Nxd6. Black has good play.} 28. Qe2 (28. Rc2 $15) 28... Nxd6 $17 29. cxd6 {[%emt 0:00:01] [#]} Qd7 30. Nd3 b6 {[%emt 0:00:06] Against Bc5} 31. Nb2 Nf6 (31... c5 $17 32. Nc4 Rab8) 32. f3 Rab8 33. Nc4 Qe6 34. Qg2 c5 35. Qh3 $1 Rfe8 36. Rd3 (36. Rf1 $15) 36... Bf8 37. Rc2 Bxd6 38. Qxe6 Rxe6 39. Bc1 Bc7 40. Na3 Rf8 41. Kg2 Kg7 42. g4 Nd7 (42... h5 $142 43. g5 Ne8) 43. Rc4 (43. g5 $17) 43... Nf6 44. Rc2 $1 Ne8 45. Nc4 Nd6 46. Bd2 Rb8 47. Na3 Re7 48. Bg5 Ree8 49. Bd2 Kf7 50. Be1 Ke6 (50... h5 $19 51. g5 Rf8) 51. Bg3 Bd8 52. Be1 Be7 53. Kg3 (53. Bg3 $17 {keeps fighting.}) 53... Rec8 $19 54. Nc4 Bd8 55. Bd2 b5 56. axb5 Rxb5 {[%emt 0:00:00][%cal Bb8b5,Bb5b7,Bb7f7][%mdl 32] [#] aiming for ...Rcb8. The board is on fire.} 57. Na3 $2 (57. Nb2) 57... Rb7 58. Nc4 Rcb8 59. Nxe5 {[%emt 0:00:53] Black is clearly winning.} Nxe4+ ({Inferior is} 59... Kxe5 60. Rxc5+ Ke6 61. Bf4 $19) 60. fxe4 {[%emt 0:00:06] Black must now prevent Nc6.} Kxe5 61. Kf3 Rf7+ 62. Ke2 Kxe4 63. Rh3 Bxh4 64. Rxc5 (64. Rc4 $142 g5 65. Ra4) 64... d3+ {[%emt 0:00:00] Weighted Error Value: White=0.33/Black=0.14 (very precise)} 0-1

[Event "13th KIIT Festival-A 2022"]
[Site "Bhubaneswar"]
[Date "2022.05.24"]
[Round "4.8"]
[White "Manish Anto Cristiano F"]
[Black "Paichadze, Luka"]
[Result "1/2-1/2"]
[ECO "E11"]
[WhiteElo "2071"]
[BlackElo "2567"]
[Annotator "TA"]
[PlyCount "72"]
[EventDate "2022.05.15"]
[EventType "swiss"]
[EventCountry "IND"]
[SourceTitle "playchess.com"]
[Source "ChessBase"]
[SourceQuality "1"]
[TimeControl "5400+30"]

1. d4 Nf6 2. c4 e6 3. Nf3 Bb4+ 4. Bd2 Qe7 5. e3 O-O 6. Bd3 Bxd2+ 7. Qxd2 d6 8. Nc3 {[%emt 0:00:16] E11: Bogo-Indian.} e5 {[%emt 0:00:25] And now ...e4 would win.} 9. Bc2 Bg4 {[%emt 0:04:52] [#]} 10. O-O-O $146 {[%emt 0:01:07] White has an edge.} ({Predecessor:} 10. Ng5 c6 11. O-O Nbd7 12. f3 Bh5 13. Rad1 Rad8 14. Rde1 Rfe8 15. f4 h6 16. Nge4 Nxe4 17. Nxe4 {1-0 (69) Praggnanandhaa,R (2608)-Terry,R (2504) Europe Echecs INT 2021}) 10... e4 (10... Nbd7 $11) 11. h3 $1 $14 Be6 ({Less strong is} 11... exf3 12. hxg4 fxg2 13. Rh2 $18) ({Black should try} 11... Bxf3 $14 12. gxf3 exf3) 12. Nxe4 $16 Bxc4 13. Nxf6+ Qxf6 {[%emt 0:00:03] [#]} 14. Bxh7+ $1 Kxh7 15. Qc2+ Kg8 {[%emt 0:00:30] ...Bd5 is the strong threat.} 16. Qxc4 Nd7 17. Qd5 {[%emt 0:13:35] White is more active.} ({But not} 17. Qxc7 $2 Rac8 18. Qxc8 Rxc8+ 19. Kd2 Qg6 $19) 17... c6 18. Qg5 Qe6 19. Kb1 Nf6 20. Qf4 ({White should play} 20. Nd2 $16) 20... Nd5 $1 $11 21. Qg4 f5 22. Qh5 Nb4 {[%emt 0:10:45] [#]} (22... Rae8 $1 $14) 23. Qh7+ $3 $16 Kxh7 24. Ng5+ Kh6 25. Nxe6 Rf6 26. Nf4 g5 27. Nd3 Nd5 28. g4 Re8 29. gxf5 Rxf5 30. Rdg1 Re4 31. Rh2 Nf6 32. Rg3 Nh5 33. Rg4 Nf6 34. Rg3 Nh5 $1 35. Rg4 Nf6 36. Rg3 {[%emt 0:10:30] Against Rf3} Nh5 $1 {[%emt 0:05:40] Weighted Error Value: White=0.23 (precise) /Black=0.12 (very precise)} 1/2-1/2

[Event "13th KIIT Festival-A 2022"]
[Site "Bhubaneswar"]
[Date "2022.05.24"]
[Round "4.9"]
[White "Rahman, Ziaur"]
[Black "Rohit S"]
[Result "1-0"]
[ECO "A04"]
[WhiteElo "2431"]
[BlackElo "2141"]
[Annotator "TA"]
[PlyCount "73"]
[EventDate "2022.05.15"]
[EventType "swiss"]
[EventCountry "IND"]
[SourceTitle "playchess.com"]
[Source "ChessBase"]
[SourceQuality "1"]
[TimeControl "5400+30"]

1. Nf3 c5 2. b3 d6 3. c4 e5 4. Nc3 g6 5. Bb2 Bg7 6. g3 {[%emt 0:00:28] A04: Unusual lines after 1 Nf3 and King's Indian Attack.} Ne7 7. Bg2 Nbc6 8. O-O {[%emt 0:00:17] The position is equal.} O-O 9. d3 a6 10. e3 b5 11. Nd2 Rb8 12. Nd5 {[%emt 0:02:32] [#]} Be6 $146 ({Predecessor:} 12... Bf5 13. Qe2 Qd7 14. f4 Bh3 15. Ne4 Nxd5 16. cxd5 Nb4 17. Bxh3 Qxh3 18. Nxd6 exf4 19. Bxg7 Kxg7 20. exf4 {0-1 (27) Praggnanandhaa,R (2608)-Krysa,L (2544) Chess.com INT 2021}) 13. Bc3 f5 14. a3 h6 15. Qc2 Kh8 16. f4 Bg8 17. Rae1 b4 {[%emt 0:00:00] Threatens to win with ...Nxd5.} 18. Nxe7 Nxe7 19. axb4 cxb4 20. Bb2 Qb6 21. Kh1 Nc6 22. Qc1 Rbd8 23. Qa1 ({Better is} 23. e4 $16) 23... Rfe8 ({Black should try} 23... Kh7 $14) 24. Nf3 Na5 25. Qa4 (25. Nh4 $16) 25... Nb7 $1 $11 {[%emt 0:00:00] And now ...Nc5 would win.} 26. d4 {[%emt 0:02:00] Against Nc5. Strongly threatening Nh4.} a5 (26... e4 $11 {remains equal.} 27. Nd2 h5) 27. Nh4 $16 (27. dxe5 $6 Nc5 28. Qa2 a4 $11) 27... Kh7 (27... Bf7 $16 {was called for.}) 28. e4 $18 exd4 $2 (28... exf4 {is a better defense.} 29. exf5 Rxe1 30. fxg6+ Kh8 31. Rxe1 fxg3 32. hxg3 d5) 29. exf5 Rxe1 30. fxg6+ (30. Rxe1 $142 {Re7 is the strong threat.} d5 31. Re7 (31. fxg6+ Kh8 $16) (31. Nxg6 dxc4 32. bxc4 Nc5 $14)) 30... Kh8 31. Rxe1 Nc5 {[%emt 0:00:03] [#]} (31... d5 $142 32. Qb5 Qxb5 33. cxb5 Nd6) 32. Qa2 $2 (32. Qa1 $1 $18 Nd3 33. Nf5) 32... Nd3 $2 (32... d5 $11) 33. Rf1 ({White must play} 33. Re7 $18 Nf2+ 34. Kg1) 33... Re8 $2 (33... Nxb2 $14 34. Qxb2 d3) 34. Ba1 Qc5 $2 (34... d5 35. Bxd5 (35. cxd5 Ne1 $14) 35... Bxd5+ 36. cxd5 Qb5) 35. Qd2 {[%emt 0:00:24] White is clearly winning.} Re3 36. f5 Bf6 {[%emt 0:00:35] [#]} 37. Qxe3 $3 {[%emt 0:00:54][%mdl 512] Weighted Error Value: White=0.38/Black=0.56} 1-0

[Event "13th KIIT Festival-A 2022"]
[Site "Bhubaneswar"]
[Date "2022.05.24"]
[Round "4.10"]
[White "Abdyjapar, Asyl"]
[Black "Rakesh, Kumar Nayak"]
[Result "1-0"]
[ECO "D17"]
[WhiteElo "2346"]
[BlackElo "2053"]
[Annotator "TA"]
[PlyCount "93"]
[EventDate "2022.05.15"]
[EventType "swiss"]
[EventCountry "IND"]
[SourceTitle "playchess.com"]
[Source "ChessBase"]
[SourceQuality "1"]
[TimeControl "5400+30"]

1. d4 d5 2. c4 c6 3. Nf3 Nf6 4. Nc3 dxc4 5. a4 Bf5 6. Ne5 e6 7. g3 Bb4 8. Bg2 O-O {[%emt 0:01:18] D17: Slav Defence: 5 a4 Bf5: Lines with 6 Nh4 and 6 Ne5.} (8... Nbd7 $5 ) 9. O-O h6 10. Nxc4 a5 {[%emt 0:02:06] [#] The position is equal.} 11. Re1 $146 ({Predecessor:} 11. Bf4 Bh7 12. Rc1 Nd5 13. Nxd5 exd5 14. Nd2 Re8 15. Nb3 Nd7 16. Bd2 Qb6 17. Bc3 {0-1 (40) Garrido Collantes,J (1948)-Santos Ruiz,M (2594) Dos Hermanas 2021}) 11... Bh7 12. e4 Na6 13. Bf4 b5 (13... Nd7 $11 {keeps the balance.}) 14. Ne5 $16 Qb6 {[%emt 0:04:49] [#]} 15. Nxc6 $1 Bxc3 (15... Qxc6 16. axb5) 16. Ne7+ {[%emt 0:00:19][%mdl 64] Zwischenzug} Kh8 17. bxc3 {[%emt 0:00:09] Strongly threatening axb5.} b4 18. e5 Nd7 19. c4 (19. Bxa8 $18 Rxa8 20. Qf3) 19... Rae8 20. c5 Qc7 21. Nc6 {[%emt 0:00:26] White is much more active. The black rooks are badly placed.} Ndb8 22. Nxb8 Rxb8 {[%emt 0:00:55] [#]} 23. Qb3 $1 Rfd8 24. Red1 Qa7 25. Bc1 Nc7 26. Bb2 Nd5 27. Rac1 Rbc8 28. h3 Rc7 29. f4 Rcd7 30. Kh2 Rc7 31. Rd2 Rcd7 (31... Qa6 $16 32. Qf3 Qc6) 32. Rf1 (32. Rf2 $18) 32... Qa6 33. Rff2 Ne7 (33... Qc6 $16 34. g4 g6) 34. g4 $18 Nc6 (34... Nd5 $142 35. f5 Rc7 36. Bxd5 exd5) 35. d5 exd5 36. Rxd5 ({Don't blunder} 36. Bxd5 $2 {[#]} Be4 $1 37. Bxe4 Rxd2 $19) 36... Rxd5 37. Bxd5 {[%emt 0:00:04] Hoping for f5.} Ne7 (37... Bd3 {might work better.} 38. f5 (38. Bxf7 Qa7 $11) 38... Ne7) 38. Bg2 {[%emt 0:00:57] A strong pair of Bishops.} Qe6 39. Qe3 (39. Qg3 $18 {and White stays clearly on top.}) 39... Rd3 $2 {[%emt 0:00:43][%mdl 8192] A mistake that costs the game.} (39... f5 $16 {is more resistant.}) 40. Qc1 Qb3 {[%emt 0:01:06] Threatens to win with ...Rd1.} 41. f5 Nd5 (41... Rd1 $142) 42. c6 Nc3 43. Qf4 Rd8 44. e6 fxe6 45. f6 {[%emt 0:00:25] White mates.} g5 46. Qc7 Rg8 47. f7 {[%emt 0:00:06] Weighted Error Value: White=0.21 (precise) /Black=0.59} 1-0

[Event "13th KIIT Festival-A 2022"]
[Site "Bhubaneswar"]
[Date "2022.05.24"]
[Round "4.11"]
[White "Aaryan Varshney"]
[Black "Mayank Chakraborty"]
[Result "1/2-1/2"]
[ECO "D41"]
[WhiteElo "2308"]
[BlackElo "2015"]
[Annotator "TA"]
[PlyCount "83"]
[EventDate "2022.05.15"]
[EventType "swiss"]
[EventCountry "IND"]
[SourceTitle "playchess.com"]
[Source "ChessBase"]
[SourceQuality "1"]
[TimeControl "5400+30"]

1. d4 Nf6 2. c4 e6 3. Nf3 d5 4. Nc3 c5 5. cxd5 Nxd5 6. e4 Nxc3 7. bxc3 cxd4 8. cxd4 Bb4+ 9. Bd2 Bxd2+ 10. Qxd2 O-O 11. Bc4 Nd7 12. O-O b6 13. Rfe1 Bb7 14. Rad1 Rc8 {[%emt 0:00:43] D41: Queen's Gambit Declined: Semi-Tarrasch with 5 cxd5.} 15. Bb3 Nf6 16. Qf4 Rc3 {[%emt 0:05:06] [#]} (16... Qc7 $11 {keeps the balance.} 17. Qxc7 Rxc7) 17. d5 $1 $16 exd5 {[%emt 0:00:56] [#]} 18. exd5 $146 ({Predecessor:} 18. e5 Ne8 19. Rd4 Nc7 20. Nh4 Ne6 21. Qg4 Nxd4 22. Qxd4 Rc6 23. Nf5 Re6 24. Nd6 Qxd6 {0-1 (24) Laborie,J-Lacoste,A France 1979}) 18... Qa8 {[%emt 0:05:32][%cal Rb7d5] [#]} (18... Bxd5 $2 19. Bxd5 Nxd5 20. Qd2 $18) 19. Ne5 {[%emt 0:09:17] White is much more active.} ({Better is} 19. Nh4 $1 $16 {[%cal Rh4f5] And now Nf5 would win.} Bc8 20. d6) 19... Bxd5 $11 20. Bxd5 Nxd5 21. Qd4 Rd8 22. Nc4 $1 Qc8 23. Ne3 Rc5 24. h3 Kf8 25. Qd3 Rd6 26. Qxh7 {[%emt 0:20:30] Intending Nf5 and mate.} (26. Nxd5 {seems wilder.} Rdxd5 27. Qxh7 Rh5 28. Qe4) 26... Rh6 27. Qd3 Nxe3 28. Qxe3 {[%emt 0:01:02] Black must now prevent Qe7+.} Re6 {[%emt 0:01:48] Prevents Qe7+.} 29. Qa3 Rxe1+ 30. Rxe1 {[%emt 0:00:01][%mdl 4096] Endgame KQR-KQR} Qd7 31. Qf3 Kg8 32. Rd1 Qe6 33. Qa8+ Kh7 34. Qxa7 Ra5 35. Qd7 Qxa2 36. Qd8 Qe2 {[%emt 0:00:00] The position is equal.} 37. Rb1 Rb5 $1 38. Qh4+ Rh5 39. Qf4 Qe6 40. Qd4 Rxh3 41. Qxb6 Qxb6 42. Rxb6 {[%emt 0:00:02] Weighted Error Value: White=0.09 (flawless) /Black=0.13 (very precise)} 1/2-1/2

[Event "13th KIIT Festival-A 2022"]
[Site "Bhubaneswar"]
[Date "2022.05.24"]
[Round "4.12"]
[White "Shiva Pavan Teja Sharma U"]
[Black "Baivab Mishra"]
[Result "1-0"]
[ECO "B51"]
[WhiteElo "2064"]
[BlackElo "2219"]
[Annotator "TA"]
[PlyCount "111"]
[EventDate "2022.05.15"]
[EventType "swiss"]
[EventCountry "IND"]
[SourceTitle "playchess.com"]
[Source "ChessBase"]
[SourceQuality "1"]
[TimeControl "5400+30"]

1. e4 c5 2. Nf3 d6 3. Bb5+ Nd7 4. a4 a6 5. Be2 Ngf6 6. Nc3 {[%emt 0:00:08] B51: Sicilian: Moscow Variation (3 Bb5+) without 3...Bd7.} g6 7. a5 Bg7 8. O-O {[%emt 0:00:16] White is slightly better.} O-O 9. Re1 e5 10. d3 h6 11. Nd2 Nb8 12. Nc4 Nc6 {[%emt 0:00:09] [#]} 13. Nd5 $146 ({Predecessor:} 13. f4 Be6 14. Nb6 Rb8 15. Rf1 Nxa5 16. Nbd5 Nxd5 17. exd5 Bd7 18. fxe5 dxe5 19. Be3 {0-1 (27) Sokolin,L (2482)-Aditya,M (2464) Chess.com INT 2021}) 13... Kh7 14. c3 {[%emt 0:10:11] White is more active.} Be6 15. Bf3 Rb8 16. Be3 Bxd5 17. exd5 Ne7 18. Nb6 Nd7 19. Nc4 Qc7 20. Qd2 f5 21. Qc2 Rbe8 22. Rab1 Nf6 23. Nb6 g5 24. g3 Ng6 25. Bg2 g4 26. f3 (26. b4 $16) 26... f4 27. gxf4 (27. Bd2 $11 {remains equal.}) 27... exf4 $17 28. Bf2 Qf7 {[%emt 0:02:10] Against Re6} (28... g3 $1 $17 29. hxg3 fxg3 30. Bxg3 Nh5) 29. fxg4 {[%emt 0:02:49] Black must now prevent Bf3.} Nxg4 {[%emt 0:01:07] Hoping for ...f3.} 30. Rxe8 Rxe8 31. Nc4 (31. Bf3 $1 $11 Qf5 32. Nc4) 31... f3 $1 32. Nxd6 {[%emt 0:02:42] [#]} Qf4 33. Bg3 Qe3+ 34. Bf2 {[%emt 0:01:32] [#]} Qf4 35. Bg3 $11 {[%emt 0:00:06] Chess con chili.} Qe3+ (35... Bd4+ $11 36. cxd4 Qxd4+ 37. Bf2 Qe5) 36. Bf2 $19 {[%emt 0:00:05] [#]} Nxf2 ({Black should play} 36... Qg5 $1 $19 37. Nxe8 Be5 38. Bxc5 Bxh2+ 39. Kh1 fxg2+ 40. Qxg2 Be5) 37. Qxf2 $11 fxg2 38. Nxe8 Qxe8 39. Re1 $36 {[%emt 0:00:28][%mdl 2048] Inhibits Qe5. White is more active.} Ne5 $2 (39... Qd7 $1 $11 {and Black is okay.}) 40. Qf5+ $18 Qg6 $2 (40... Kh8) 41. Rxe5 Bxe5 42. Qxe5 Qxd3 {[%emt 0:00:42][%mdl 4096] Endgame KQ-KQ} 43. Qc7+ $2 (43. Kxg2 $18 {d6 is the strong threat.} Qd2+ 44. Kf3) 43... Kg6 $2 (43... Kh8 $16 44. Qe5+ (44. Kxg2 Qxd5+ 45. Kg3 Qd3+ 46. Kf4 Qd2+ 47. Kf5 Qg5+ 48. Ke6 Qg4+ 49. Ke7 Qg7+ 50. Kd6 Qf6+ 51. Kd7 Qf5+ 52. Ke8 Qg6+ 53. Qf7 Qg2 $16) 44... Kg8 45. Kxg2 Kf7 46. Qe6+ Kf8) 44. Qg3+ $1 {[%emt 0:02:15] White mates.} Qxg3 45. hxg3 {[%emt 0:00:09] KP-KP} c4 46. Kxg2 Kf5 47. Kh3 Ke5 48. Kg4 Kxd5 {[%emt 0:00:01] [#]} 49. Kf5 $1 h5 50. Kf4 Kc5 {[%emt 0:00:45] [#]} 51. Kg5 $1 Kb5 52. Kxh5 Ka4 53. g4 Kb3 54. g5 Kxb2 55. g6 Kxc3 56. g7 {[%emt 0:17:56] Never resign too early!  Weighted Error Value: White=0.30/Black=0.29 (precise)} 1-0